 Dungeon Crawl Stone Soup version 0.27-a0-1140-g099f9bb0e8 (webtiles) character file.

Game seed: 17819361236287487747

454 Froggeryz the Insei (level 7, -4/46 HPs)
             Began as an Octopode Transmuter on May 10, 2021.
             Was a Believer of Cheibriados.
             Killed by divine providence
             ... invoked by an orc priest
              (11 damage)
             ... on level 4 of the Dungeon.
             The game lasted 00:04:42 (3829 turns).

Froggeryz the Insei (Octopode Transmuter)           Turns: 3829, Time: 00:04:44

Health: -4/46      AC:  5    Str: 14    XL:     7   Next: 5%
Magic:  10/10      EV: 13    Int: 21    God:    Cheibriados [**....]
Gold:   157        SH:  0    Dex: 16    Spells: 6/10 levels left

rFire    . . .     SeeInvis .     - Unarmed
rCold    . . .     Faith    .   (no shield)
rNeg     . . .     Spirit   .   (helmet restricted)
rPois    .         Reflect  .   (no amulet)
rElec    .         Harm     .   b - +4 ring of protection
rCorr    .         Rampage  .   e - ring of flight
Will     .....                  (no ring)
Stlth    ++........             (no ring)
HPRegen  0.15/turn              (no ring)
MPRegen  0.12/turn              (no ring)
                                (no ring)
                                (no ring)

@: on berserk cooldown, attractive, flying, slowed, very slow
A: almost no armour, amphibious, 8 rings, camouflage 1, gelatinous body 1,
(nimble swimmer 1), tentacles
a: Renounce Religion, Bend Time


You were on level 4 of the Dungeon.
You worshipped Cheibriados.
Cheibriados was pleased with you.
You visited 1 branch of the dungeon, and saw 4 of its levels.

You collected 157 gold pieces.

Inventory:

Jewellery
 b - a +4 ring of protection (left tentacle)
 e - a ring of flight (right tentacle)
Wands
 i - a wand of iceblast (9)
Scrolls
 c - 2 scrolls of enchant armour
 d - a scroll of identify {unknown}
 f - a scroll of magic mapping {unknown}
 h - a scroll of immolation {unknown}
 l - a scroll of summoning {unknown}
Potions
 k - a potion of lignification


   Skills:
 + Level 3.2 Fighting
 - Level 2.0 Dodging
 * Level 6.5 Unarmed Combat
 - Level 2.0 Spellcasting
 - Level 3.0 Transmutations


You had 6 spell levels left.
You knew the following spells:

 Your Spells              Type           Power      Damage    Failure   Level
a - Beastly Appendage     Tmut           28%        N/A       4%          1
b - Spider Form           Tmut/Pois      4%         N/A       24%         3

Your spell library contained the following spells:

 Spells                   Type           Power      Damage    Failure   Level
 Wereblood                Tmut           14%        N/A       6%          2
 Ice Form                 Ice/Tmut       8%         N/A       61%         4
 Hydra Form               Tmut           7%         N/A       75%         5


Dungeon Overview and Level Annotations

Branches:
Dungeon (4/15)
 Temple: D:4-7

Altars:
Cheibriados


Innate Abilities, Weirdness & Mutations

You cannot wear most types of armour.
You are amphibious.
You can wear up to eight rings at the same time.
Your skin changes colour to match your surroundings (Stealth+).
Your rubbery body absorbs attacks. (AC +1, EV +1)
((You are camouflaged near water. (Stealth+)))
You have tentacles for arms and can constrict up to eight enemies at once.


Message History

You hear a shout!
An orc priest comes into view. It is wielding a +0 club.
You hear a shout!
It was a potion of berserk rage.
A red film seems to cover your vision as you go berserk!
Cheibriados protects you from inadvertent hurry.
You feel mighty!
Unknown command.
You are too berserk!
You feel a strong urge to attack something.
You bludgeon the orc priest! You grab the orc priest.
You squeeze the orc priest.
The orc priest is almost dead.
You constrict the orc priest. The orc priest hits you with a +0 club.
* * * LOW HITPOINT WARNING * * *
You tentacle-slap the orc priest.
You kill the orc priest!
Cheibriados appreciates the change of pace.
You have reached level 7!
An orc priest comes into view. It is wielding a +0 club.
The orc priest shouts!
You hear a shout!
The orc priest calls down the wrath of Beogh upon you.
Pain shoots through your body!
* * * LOW HITPOINT WARNING * * *
Items here: $ ( ))) [[ ††.
You feel a strong urge to attack something.
You are no longer berserk.
You are exhausted.
You feel yourself slow down.
It was a potion of attraction.
You feel attractive to monsters.
The orc priest calls down the wrath of Beogh upon you.
You struggle to resist.
The orc priest is pulled toward you!
You closely miss the orc priest. You grab the orc priest.
You squeeze the orc priest!
The orc priest is severely wounded.
You constrict the orc priest.
The orc priest calls down the wrath of Beogh upon you.
Beogh smites you!
You die...

..# #.# #.# #
##.##### #.# ######
#....).# #.###
#..... #
#@###.#.#####.####
#..###o............#
#
#..............#####
...oo.#######...##
.##.# ##.## ## # #.#
#. #.# #. #+# #. #.


You could see an orc priest.

Vanquished Creatures
  Edmund (D:4)
  2 phantoms (D:4)
  2 orc priests (D:4)
  Robin (D:2)
  2 adders
  A shadow imp (D:2)
  2 dart slugs
  9 orcs
  2 ball pythons (D:1)
  5 endoplasms
  4 giant cockroaches
  16 goblins
  8 hobgoblins
  8 jackals
  4 quokkas
  5 bats
  A frilled lizard (D:1)
  6 kobolds
  5 rats
84 creatures vanquished.

Vanquished Creatures (others)
  16 plants (D:4)
16 creatures vanquished.

Grand Total: 100 creatures vanquished

Notes
Turn   | Place    | Note
-------+----------+-------------------------------------------
     0 | D:1      | Froggeryz the Octopode Transmuter began the quest for the
                  | Orb.
     0 | D:1      | Reached XP level 1. HP: 13/13 MP: 3/3
   284 | D:1      | Reached XP level 2. HP: 12/18 MP: 5/5
   679 | D:1      | Reached XP level 3. HP: 8/23 MP: 6/6
  1139 | D:1      | Reached skill level 4 in Unarmed Combat
  1233 | D:1      | Found a faded altar of an unknown god.
  1378 | D:2      | Noticed Robin
  1783 | D:2      | Killed Robin
  1784 | D:2      | Reached XP level 4. HP: 17/28 MP: 7/7
  2101 | D:2      | Found a snail-covered altar of Cheibriados.
  2199 | D:2      | Became a worshipper of Cheibriados the Contemplative
  2657 | D:2      | Learned a level 3 spell: Spider Form
  2792 | D:3      | Reached * piety under Cheibriados
  2894 | D:3      | Reached XP level 5. HP: 33/33 MP: 8/8
  3295 | D:4      | Noticed a phantom
  3313 | D:4      | Killed a phantom
  3314 | D:4      | Reached skill level 5 in Unarmed Combat
  3358 | D:4      | Noticed a phantom
  3373 | D:4      | Killed a phantom
  3374 | D:4      | Reached XP level 6. HP: 25/41 MP: 6/9
  3762 | D:4      | Noticed Edmund
  3784 | D:4      | Killed Edmund
  3785 | D:4      | Reached skill level 6 in Unarmed Combat
  3815 | D:4      | Reached ** piety under Cheibriados
  3825 | D:4      | Reached XP level 7. HP: 11/46 MP: 10/10
  3829 | D:4      | Killed from afar by an orc priest

Illustrated notes

Levels and vault maps discovered:
D:1:      minmay_arrival_pointy, layout_loops_ring, basic_ecumenical_altar
D:2:      layout_basic, basic_altar, uniq_robin
D:3:      layout_rooms, minmay_crystal_water
D:4:      layout_loops_corners, serial_bayou, serial_bayou_ford_a,
          serial_bayou_shore_a, serial_bayou_pond_e, serial_bayou_pond_b,
          uniq_natasha, uniq_edmund

Skill      XL: |  1  2  3  4  5  6 |
---------------+-------------------+-----
Unarmed Combat | 4 5 6 |  6.5
Transmutations | 3 |  3.0
Fighting       | 2 3 |  3.2
Dodging        | |  2.0
Spellcasting   | |  2.0

Action                   |  1- 3 |  4- 6 |  7- 9 || total
-------------------------+-------+-------+-------++-------
Melee: Unarmed           |    98 |   126 |     1 ||   225
       Constrict         |    27 |    25 |     1 ||    53
       Tentacles         |    20 |    17 |     1 ||    38
       Punch             |     1 |     2 |       ||     3
       Kick              |       |     6 |       ||     6
 Cast: Beastly Appendage |       |     2 |       ||     2
       Spider Form       |       |     3 |       ||     3
  Use: Scroll            |       |     2 |       ||     2
       Potion            |       |     3 |     1 ||     4
 Stab: Sleeping          |     3 |     4 |       ||     7
Armor: Skin              |    27 |    23 |       ||    50
Dodge: Dodged            |    88 |    65 |       ||   153

Table legend: (Time is in decaauts)
 A = Elapsed time spent in this place.
 B = Non-inter-level travel time spent in this place.
 C = Inter-level travel time spent in this place.
 D = Time resting spent in this place.
 E = Time spent auto-exploring this place.
 F = Levels seen in this place.
 G = Mean time per level.
                   A        B        C        D        E       F      G
               +--------+--------+--------+--------+--------+-----+--------+
         Total |   4214 |   4089 |    125 |    967 |   2527 |   4 | 1053.5 |
       Dungeon |   4214 |   4089 |    125 |    967 |   2527 |   4 | 1053.5 |
               +--------+--------+--------+--------+--------+-----+--------+

Top non-repeatable levels by time:
     D:1: 1856 daAuts
     D:2: 935 daAuts
     D:3: 732 daAuts
     D:4: 690 daAuts
